 Dungeon Crawl Stone Soup version 0.28-a0-258-g8de209e91f (webtiles) character file.

Game seed: 7714034444400731764

16 TrayleKats the Chiller (level 2, 0/20 HPs)
             Began as a Draconian Ice Elementalist on Apr 9, 2021.
             Succumbed to a kobold's poison
             ... on level 1 of the Dungeon on Aug 26, 2021.
             The game lasted 00:01:50 (807 turns).

TrayleKats the Chiller (Draconian Ice Elementalist)  Turns: 807, Time: 00:01:51

Health: 0/20       AC:  4    Str: 10    XL:     2   Next: 41%
Magic:  5/5        EV: 12    Int: 15    God:
Gold:   10         SH:  0    Dex: 11    Spells: 4/5 levels left

rFire   . . .      SeeInvis .   c - +0 hand axe (venom)
rCold   . . .      Faith    .   (no shield)
rNeg    . . .      Spirit   .   (armour unavailable)
rPois   .          Reflect  .   (helmet restricted)
rElec   .          Harm     .   (no cloak)
rCorr   .          Rampage  .   (no gloves)
Will    .....                   (no boots)
Stlth   ++........              (no amulet)
HPRegen 0.06/turn               (no ring)
MPRegen 0.09/turn               (no ring)

@: lethally poisoned (0 -> -12)
A: AC +4, unfitting armour, cold-blooded
a: no special abilities


You were on level 1 of the Dungeon.
You visited 1 branch of the dungeon, and saw 1 of its levels.

You collected 10 gold pieces.

Inventory:

Hand Weapons
 a - a +0 dagger
 c - a +0 hand axe of venom (weapon)
Scrolls
 b - a scroll of identify {unknown}
 d - a scroll of fog {unknown}


   Skills:
 - Level 1.7 Dodging
 - Level 1.7 Stealth
 + Level 2.3 Spellcasting
 * Level 4.4 Ice Magic


You had 4 spell levels left.
You knew the following spells:

 Your Spells              Type           Power      Damage    Failure   Level
a - Freeze                Ice            60%        1d8       3%          1

Your spell library contained the following spells:

 Spells                   Type           Power      Damage    Failure   Level
 Frozen Ramparts          Ice            30%        1d5       11%         3
 Ozocubu's Armour         Ice            15%        N/A       11%         3
 Hailstorm                Conj/Ice       8%         3d4       65%         4
 Summon Ice Beast         Ice/Summ       8%         N/A       65%         4


Dungeon Overview and Level Annotations

Branches:
Dungeon (1/15)

Altars:


Innate Abilities, Weirdness & Mutations

Your plain brown scales are hard. (AC +4)
You cannot fit into any form of body armour.
You are cold-blooded and may be slowed by cold attacks.


Message History

You start resting.
HP restored.
d - a scroll labelled EBLOUZOOTE
Found a stone staircase leading down.
There is a stone staircase leading down here.
Found 18 bolts.
A goblin comes into view. It is wielding a +0 dagger.
A goblin is nearby!
Found 17 gold pieces.
The goblin misses you.
You hit the goblin.
The goblin is poisoned.
The goblin is heavily wounded.
The goblin hits you with a +0 dagger.
You closely miss the goblin.
The goblin is heavily wounded.
The goblin closely misses you.
You kill the goblin!
A kobold is nearby!
The kobold shouts!
The kobold throws a stone.
The stone closely misses you. The kobold hits you but does no damage.
You completely miss the kobold. The kobold hits you but does no damage.
You closely miss the kobold.
The kobold hits you with a +0 dagger of venom.
You are poisoned.
You closely miss the kobold.
You feel very sick.
The kobold hits you with a +0 dagger of venom.
You are more poisoned.
You hit the kobold.
The kobold is poisoned.
The kobold is severely wounded.
* * * LOW HITPOINT WARNING * * *
You feel very sick.
You kill the kobold!
* * * LOW HITPOINT WARNING * * *
You feel very sick.
You aren't carrying any potions.
Welcome back, TrayleKats the Draconian Ice Elementalist.
Press ? for a list of commands and other information.
You die...

......## .# .......## .#
. ........# .# .♣
........#########.##♣.♣♣
........................
........#######........#
........##.......)......
.......###.####.........
...........####.@.......
###....##........$......
.......##.#####.........
h.. #####.##..#
#......... . ...
#........## #$........
#.##..
..###.#########....##...
.##. ... ###
#.##............ ...
.....#..
#####.##.######..#### .#
#..#..
.........###.....#..
#.....


There were no monsters in sight!

Vanquished Creatures
  3 goblins (D:1)
  2 hobgoblins (D:1)
  3 jackals (D:1)
  3 kobolds (D:1)
  3 rats (D:1)
14 creatures vanquished.

Notes
Turn   | Place    | Note
-------+----------+-------------------------------------------
     0 | D:1      | TrayleKats the Draconian Ice Elementalist began the quest
                  | for the Orb.
     0 | D:1      | Reached XP level 1. HP: 14/14 MP: 3/3
     6 | D:1      | Noticed a snapping turtle
     6 | D:1      | Noticed a polar bear
     7 | D:1      | Noticed a salamander
     7 | D:1      | Noticed a rime drake
   311 | D:1      | Reached XP level 2. HP: 20/20 MP: 0/5
   807 | D:1      | Upgraded the game from 0.27-a0-920-gb2bd10914a to
                  | 0.28-a0-258-g8de209e91f
   807 | D:1      | Succumbed to a kobold's poison

Illustrated notes

Levels and vault maps discovered:
D:1:      onia_arrival_zoo_common, layout_rooms, serial_forest,
          infiniplex_forest_zigzag_1, infiniplex_forest_3_way,
          infiniplex_forest_lined_room_2, infiniplex_forest_clump_double,
          infiniplex_forest_corner_2, infiniplex_forest_lined_1

Action                   || total
-------------------------++-------
Melee: Dagger            ||    22
       Hand axe          ||     6
 Cast: Freeze            ||    17
 Stab: Sleeping          ||     1
Armor: Skin              ||    18
Dodge: Dodged            ||    20

Table legend: (Time is in decaauts)
 A = Elapsed time spent in this place.
 B = Non-inter-level travel time spent in this place.
 C = Inter-level travel time spent in this place.
 D = Time resting spent in this place.
 E = Time spent auto-exploring this place.
 F = Levels seen in this place.
 G = Mean time per level.
                   A        B        C        D        E       F      G
               +--------+--------+--------+--------+--------+-----+--------+
         Total |    807 |    807 |      0 |    398 |    280 |   1 |  807.0 |
       Dungeon |    807 |    807 |      0 |    398 |    280 |   1 |  807.0 |
               +--------+--------+--------+--------+--------+-----+--------+

Top non-repeatable levels by time:
     D:1: 807 daAuts
